[Event "German Championship Women 2022"]
[Site "Magdeburg"]
[Date "2022.08.15"]
[Round "2.3"]
[White "Bazzazi, Elnaz"]
[Black "Muetsch, Annmarie"]
[Result "1-0"]
[ECO "B07"]
[WhiteElo "1766"]
[BlackElo "2249"]
[Annotator "TA"]
[PlyCount "89"]
[EventDate "2022.08.14"]
[EventType "swiss"]
[EventCountry "GER"]
[SourceTitle "playchess.com"]
[Source "ChessBase"]
[SourceQuality "1"]
[TimeControl "40/5400+30:1800+30"]

1. e4 d6 2. d4 Nf6 3. Nc3 e5 4. f4 exf4 5. Bxf4 Be7 6. Nf3 {[%emt 0:09:07] B07: Pirc Defence: Miscellaneous Systems.} O-O 7. Bd3 Nc6 8. a3 $1 {[%emt 0:04:09] White is better.} Bg4 9. Ne2 {[%emt 0:01:49] [#]} (9. Be3 $14) 9... Re8 $146 (9... d5 $11 {remains equal.} 10. e5 Nh5) ({Predecessor:} 9... Bxf3 10. gxf3 Nh5 11. Bg3 Bh4 12. Qd2 Qf6 13. Qe3 Nxg3 14. hxg3 Bg5 15. f4 Bh6 {1-0 (23) Bruckmann,J (1711)-Otto,H (1386) Germany 2016}) 10. c3 {[%emt 0:05:33] [#]} (10. O-O $16) 10... h6 $2 (10... Nxe4 $1 $15 {stays ahead.} 11. Bxe4 (11. O-O d5) 11... Bh4+ 12. Nxh4 (12. Bg3 Bxg3+ 13. Nxg3 d5 $17) 12... Qxh4+ 13. Bg3 (13. g3 $2 Qh5 $19) 13... Bxe2 $1 14. Qxe2 Qxe4 15. Qxe4 Rxe4+ 16. Kd2 Rae8) 11. Qc2 Bf8 12. O-O-O Bh5 13. Ng3 Bg6 14. Nh4 Bxe4 15. Nxe4 Nxe4 16. Bxe4 Qxh4 17. g3 Qd8 18. Rhf1 {[%emt 0:01:17][%mdl 1024] White has strong compensation.} Be7 (18... d5 $142 19. Bh7+ Kh8) 19. Bd5 $36 {[%emt 0:06:45][%mdl 2048] And now Qg6 would win. Black is under strong pressure. 0x0.001b8438b6b9dp-1022s more active pieces.} Rf8 (19... Bf6 $16 20. Kb1 (20. Qg6 Rf8 $16) 20... Rf8) 20. h4 $18 {[%emt 0:08:03][%cal Of4h6] Hoping for Bxh6!} Kh8 21. Qf5 {[%emt 0:01:58][%cal Of4h6] Threatens to win with Bxh6!} g6 $2 (21... Qc8 22. Qh5 Qe8 23. Bxh6 f6 24. Qxe8 (24. Bxg7+ Kxg7 25. Qg4+ Qg6 $11) 24... Raxe8) 22. Qd3 Kg7 {[%emt 0:01:26] [#]} (22... h5 23. Bh6 f5 24. Bxf8 Qxf8) 23. Qd2 (23. Bxf7 $142 $1 Kxf7 24. Bxh6+ Bf6 25. Bxf8 Qxf8 26. Rxf6+ $1 Kxf6 27. Rf1+ Ke7 28. Rxf8 Rxf8 29. Qxg6) 23... g5 24. hxg5 (24. Be3 $18) 24... Bxg5 $16 25. Rf2 f6 (25... Qf6 $16 26. Rdf1 Nd8) 26. Bb3 Ne7 27. Bc2 Qe8 (27... Qd7 {might work better.} 28. Rdf1 (28. Qd3 Bxf4+ 29. Rxf4 f5 $18) 28... Qb5) 28. Re1 (28. Qd3 Bxf4+ 29. gxf4 f5 $18) (28. Bxg5 $142 fxg5 29. Rxf8 (29. Rdf1 Ng6 $16) 29... Qxf8 30. Qd3) 28... Qf7 $18 29. Bxg5 hxg5 {[%emt 0:00:05] [#]} 30. Qd3 $1 f5 $2 {[%emt 0:00:20] This costs Black the game.} (30... Rh8 $16 {is more resistant.} 31. Bb3 d5) 31. g4 (31. Qe3 Nd5 32. Qxg5+ Qg6 33. Qxg6+ (33. Rxf5 Rxf5 34. Qxf5 Qxf5 $16) 33... Kxg6 $18) 31... Rae8 32. gxf5 {[%emt 0:01:27] f6+ would kill now.} Nd5 33. Rg1 Kf6 34. Qg3 Rg8 (34... Ke7 35. f6+ (35. Qxg5+ Nf6 $16) 35... Nxf6 36. Qxg5 (36. Rgf1 Qg7 $14) 36... Qh5 37. Qg7+ Rf7) 35. Rh2 (35. Bb3 $142) 35... Ke7 {[%emt 0:00:56] [#]} 36. Rh7 $1 {[%emt 0:07:27] The board is on fire.} Qxh7 (36... Rg7) 37. f6+ $1 {[%emt 0:00:14][%mdl 64] Discovered Attack. White is clearly winning.} Nxf6 38. Bxh7 Nxh7 39. Qg2 ({Don't do} 39. Qf3 Nf6 40. Qxb7 Kd7 41. Qxa7 g4 $18) 39... Nf6 40. Qxb7 Kd7 41. Qb5+ Kc8 42. Rxg5 Rxg5 43. Qxg5 Nd7 44. a4 c6 45. Qg6 {[%emt 0:00:00][%csl LRd6,LRe8] Weighted Error Value: White=0.46/Black=0.65} 1-0

[Event "German Championship Women 2022"]
[Site "Magdeburg"]
[Date "2022.08.15"]
[Round "2.4"]
[White "Kunze, Kerstin"]
[Black "Wartenberg, Alissa"]
[Result "1-0"]
[ECO "A00"]
[WhiteElo "2020"]
[BlackElo "1632"]
[Annotator "NA RC"]
[PlyCount "71"]
[EventDate "2022.08.14"]
[EventType "swiss"]
[EventCountry "GER"]
[SourceTitle "playchess.com"]
[Source "ChessBase"]
[SourceQuality "1"]
[TimeControl "40/5400+30:1800+30"]

1. g3 d5 2. Bg2 e5 3. d3 Nc6 4. Nf3 Be6 5. Ng5 Bf5 6. e4 dxe4 7. Nxe4 Nf6 8. Nbc3 Bb4 9. O-O Bxc3 10. Nxc3 Qd7 11. Bg5 Bh3 12. Bxf6 gxf6 13. Nd5 O-O-O 14. Nxf6 Qe6 15. Bxh3 Qxh3 16. Qg4+ Qxg4 17. Nxg4 f5 $16 18. Ne3 f4 19. Nc4 h5 20. f3 Rhg8 21. Kf2 fxg3+ 22. hxg3 Nd4 23. Nxe5 Rde8 24. f4 Rgf8 25. c3 Nc2 26. Rac1 Rxe5 27. Rxc2 h4 28. Kg2 Rh5 29. g4 h3+ 30. Kg3 Rh7 31. Rh2 Re8 32. Rf3 Reh8 33. Re3 Kd7 34. f5 Rh4 35. Re4 R4h7 36. Re1 1-0

[Event "German Championship Women 2022"]
[Site "Magdeburg"]
[Date "2022.08.15"]
[Round "2.5"]
[White "Birkholz, Olga"]
[Black "Mekus, Manuela"]
[Result "1-0"]
[ECO "B00"]
[WhiteElo "2002"]
[BlackElo "1638"]
[Annotator "NA RC"]
[PlyCount "63"]
[EventDate "2022.08.14"]
[EventType "swiss"]
[EventCountry "GER"]
[SourceTitle "playchess.com"]
[Source "ChessBase"]
[SourceQuality "1"]
[TimeControl "40/5400+30:1800+30"]

1. e4 d6 2. Nc3 c6 3. Be2 g6 4. d4 Bg7 5. Be3 Nd7 6. Qd2 Ngf6 7. O-O-O e5 8. Bh6 (8. g4 $16) 8... exd4 9. Bxg7 dxc3 10. Qxc3 Rg8 11. Bh6 Nxe4 12. Qe3 Qe7 13. f3 Nec5 14. Rxd6 Qxe3+ 15. Bxe3 Ke7 16. Rd2 Ne6 17. Nh3 Nf6 18. Bc4 $16 Ne8 19. Re1 b6 20. Ng5 N8c7 21. Bf4 Ne8 22. Nxe6 Bxe6 23. Bg5+ Nf6 24. Rde2 h6 25. Bxf6+ Kxf6 26. Bxe6 fxe6 27. Rxe6+ Kg7 28. Rxc6 Rgf8 29. Ree6 Rfe8 30. Rxg6+ Kf7 31. Rcf6+ Ke7 32. Rxh6 1-0

[Event "German Championship Women 2022"]
[Site "Magdeburg"]
[Date "2022.08.15"]
[Round "2.7"]
[White "Falke, Ornella"]
[Black "Bluebaum, Johanna"]
[Result "1-0"]
[ECO "C11"]
[WhiteElo "1912"]
[BlackElo "2013"]
[Annotator "NA RC"]
[PlyCount "111"]
[EventDate "2022.08.14"]
[EventType "swiss"]
[EventCountry "GER"]
[SourceTitle "playchess.com"]
[Source "ChessBase"]
[SourceQuality "1"]
[TimeControl "40/5400+30:1800+30"]

1. e4 e6 2. Nf3 d5 3. Nc3 Nf6 4. e5 Nfd7 5. d4 a6 6. Bg5 f6 7. exf6 gxf6 8. Bh4 Be7 9. Nd2 Nf8 10. Bd3 Ng6 11. Qh5 Kf7 12. O-O-O $16 c5 13. dxc5 Nc6 14. f4 Bxc5 15. f5 exf5 16. Nxd5 Nce5 17. Bxf6 Nxd3+ 18. cxd3 Qxd5 19. Bxh8 Kg8 20. Bc3 Qxa2 21. Rde1 Be6 22. Ne4 fxe4 23. Qxc5 Rc8 24. Qd4 Rxc3+ 25. Qxc3 Nf4 26. dxe4 b5 27. Qg3+ Ng6 28. Qa3 Qc4+ 29. Qc3 Qa4 30. Kd2 b4 31. Qd4 Qa5 32. h4 b3+ 33. Ke3 Nxh4 34. Re2 Qg5+ 35. Kd3 Ng6 36. Rf1 Nf4+ 37. Rxf4 Qxf4 38. Rf2 Qc7 39. Ke3 Qg3+ 40. Rf3 Qe1+ 41. Kf4 Qh4+ 42. Ke5 Bf7 43. Qd7 Qg5+ 44. Rf5 Qg3+ 45. Kd4 Qg7+ 46. Ke3 Qg3+ 47. Rf3 Qe1+ 48. Kf4 Qc1+ 49. Kg4 h5+ 50. Kf5 Qc5+ 51. Kf4 Qc1+ 52. Kg3 Qc4 53. Qd8+ Kg7 54. Qg5+ Kh7 55. Rf6 Qc7+ 56. e5 1-0

[Event "German Championship Women 2022"]
[Site "Magdeburg"]
[Date "2022.08.15"]
[Round "2.8"]
[White "Fock, Sana"]
[Black "Voigt, Anastasia"]
[Result "1-0"]
[ECO "C29"]
[WhiteElo "1807"]
[BlackElo "1694"]
[Annotator "NA RC"]
[PlyCount "39"]
[EventDate "2022.08.14"]
[EventType "swiss"]
[EventCountry "GER"]
[SourceTitle "playchess.com"]
[Source "ChessBase"]
[SourceQuality "1"]
[TimeControl "40/5400+30:1800+30"]

1. e4 e5 2. Nc3 Nf6 3. f4 d5 4. fxe5 Nxe4 5. Qf3 Nxc3 6. bxc3 Be7 7. d4 O-O 8. Bd3 Re8 9. Ne2 c6 10. O-O Rf8 11. Nf4 Na6 12. Nh5 Nc7 13. Nxg7 Bg5 14. Nh5 Bxc1 15. Nf6+ Kg7 16. Raxc1 h6 17. Qg3+ Kh8 18. Qh4 Kg7 19. Rf3 Ne6 20. Rg3+ 1-0

[Event "German Championship Women 2022"]
[Site "Magdeburg"]
[Date "2022.08.15"]
[Round "2.9"]
[White "Basovskiy, Jana"]
[Black "Halas, Julia"]
[Result "1-0"]
[ECO "C00"]
[WhiteElo "1867"]
[BlackElo "2012"]
[Annotator "NA RC"]
[PlyCount "63"]
[EventDate "2022.08.14"]
[EventType "swiss"]
[EventCountry "GER"]
[SourceTitle "playchess.com"]
[Source "ChessBase"]
[SourceQuality "1"]
[TimeControl "40/5400+30:1800+30"]

1. e4 e6 2. d3 d5 3. Nd2 Nf6 4. Ngf3 b6 5. c3 Be7 6. Qa4+ Nfd7 7. e5 O-O 8. d4 c5 9. Bd3 f5 10. exf6 $1 Nxf6 11. O-O cxd4 12. cxd4 Bd7 13. Qd1 Nc6 14. Re1 Rc8 15. Nf1 Qc7 16. a3 Bd6 17. Bg5 h6 18. Bh4 $14 Nh5 19. Rc1 Bf4 20. Rc3 Qd6 21. g3 g5 22. Nxg5 hxg5 23. Qxh5 Qe7 24. gxf4 gxh4 25. f5 Qg7+ 26. Kh1 Be8 27. Qxh4 Nxd4 28. f6 Rxf6 29. Rxc8 Nf3 30. Rxe8+ Rf8 31. Rxf8+ Kxf8 32. Qf4+ 1-0

[Event "German Championship Women 2022"]
[Site "Magdeburg"]
[Date "2022.08.15"]
[Round "2.10"]
[White "Moenster, Madita"]
[Black "Heil, Marina"]
[Result "1-0"]
[ECO "B32"]
[WhiteElo "1864"]
[BlackElo "1926"]
[Annotator "NA RC"]
[PlyCount "107"]
[EventDate "2022.08.14"]
[EventType "swiss"]
[EventCountry "GER"]
[SourceTitle "playchess.com"]
[Source "ChessBase"]
[SourceQuality "1"]
[TimeControl "40/5400+30:1800+30"]

1. e4 c5 2. Nf3 Nc6 3. d4 cxd4 4. Nxd4 e5 5. Nb5 d6 6. N1c3 a6 7. Na3 b5 8. Nd5 Nce7 9. c4 Nxd5 10. exd5 bxc4 11. Nxc4 Be7 12. Be3 Nf6 13. Be2 O-O 14. a4 Rb8 15. O-O Bb7 16. Nb6 a5 17. b4 axb4 18. Qb3 Ne4 19. a5 Nc5 20. Qd1 Ba8 $14 (20... Bg5 $1 $15) 21. Bc4 Rxb6 22. axb6 Qxb6 23. Rb1 Rb8 24. Qg4 Bb7 25. Rfc1 Bc8 26. Qf3 Bf6 27. Bb3 Ba6 28. Qg3 Qb5 29. Bxc5 dxc5 30. Bc4 Qb6 31. Bxa6 Qxa6 32. Rxc5 g6 33. Rc6 Qa2 34. Qb3 Qxb3 35. Rxb3 Be7 36. Kf1 Rd8 37. Rd3 Bd6 38. Rb6 Bc5 39. Rb5 Bd4 40. Ke2 Rd6 41. Rb3 Bc3 42. Kd3 f5 43. Kc4 Kf8 44. Rb7 h6 45. Kc5 Rd8 46. d6 e4 47. Kd5 Ke8 48. Ke6 f4 49. d7+ Kf8 50. Rc7 Kg7 51. Rc8 e3 52. fxe3 fxe3 53. Rxd8 e2 54. Rb1 1-0

[Event "German Championship Women 2022"]
[Site "Magdeburg"]
[Date "2022.08.15"]
[Round "2.11"]
[White "Petersen, Sophie"]
[Black "Braun, Kristin"]
[Result "1-0"]
[ECO "B52"]
[WhiteElo "1597"]
[BlackElo "1897"]
[Annotator "NA RC"]
[PlyCount "133"]
[EventDate "2022.08.14"]
[EventType "swiss"]
[EventCountry "GER"]
[SourceTitle "playchess.com"]
[Source "ChessBase"]
[SourceQuality "1"]
[TimeControl "40/5400+30:1800+30"]

1. e4 c5 2. Nf3 d6 3. Bb5+ Bd7 4. Bxd7+ Qxd7 5. c4 Nf6 6. Nc3 Nc6 7. d4 cxd4 8. Nxd4 g6 9. f3 Bg7 10. Be3 O-O 11. O-O a6 12. Qd2 Rab8 13. Rac1 Rfc8 14. b3 Qc7 $14 (14... Nxd4 $11 15. Bxd4 (15. Qxd4 Ng4 $11) 15... b5) 15. Nd5 Qd8 16. Rfd1 Nd7 17. a4 Nc5 18. Rb1 Ne5 19. h3 h5 20. Bg5 f6 21. Be3 Nc6 22. Qa2 a5 23. Nb5 b6 24. Qd2 Ne5 25. Bxc5 bxc5 26. f4 Nc6 27. f5 gxf5 28. exf5 Kf7 29. Qe2 Qh8 30. Qe6+ Kf8 31. Nf4 Ne5 32. Nd5 Nc6 33. Re1 Qg8 34. Qd7 Qf7 35. Nbc7 Ne5 36. Ne6+ Kg8 37. Nxe7+ Kh7 38. Qxd6 Bh6 39. Nd5 Rg8 40. Nxf6+ Qxf6 41. Qxe5 Qxe5 42. Rxe5 Rg3 43. Kf2 Rbg8 44. Rd1 Rxg2+ 45. Kf3 R2g3+ 46. Ke4 Rxb3 47. Rd7+ Kh8 48. Nf4 Bxf4 49. Kxf4 Rxh3 50. Rxc5 Rg7 51. Rxg7 Kxg7 52. Kg5 h4 53. Rxa5 Rc3 54. Ra7+ Kf8 55. Kxh4 Rxc4+ 56. Kg5 Rc6 57. a5 Rd6 58. a6 Rb6 59. f6 Rb1 60. Rc7 Rg1+ 61. Kf5 Rf1+ 62. Ke6 Re1+ 63. Kd7 Kf7 64. a7 Ra1 65. Kc8+ Kxf6 66. Kb8 Rb1+ 67. Rb7 1-0

[Event "German Championship Women 2022"]
[Site "Magdeburg"]
[Date "2022.08.15"]
[Round "2.12"]
[White "Spiel, Marianne"]
[Black "Mader, Lena"]
[Result "1/2-1/2"]
[ECO "B10"]
[WhiteElo "1893"]
[BlackElo "1826"]
[Annotator "NA RC"]
[PlyCount "86"]
[EventDate "2022.08.14"]
[EventType "swiss"]
[EventCountry "GER"]
[SourceTitle "playchess.com"]
[Source "ChessBase"]
[SourceQuality "1"]
[TimeControl "40/5400+30:1800+30"]

1. e4 c6 2. c4 d5 3. exd5 cxd5 4. cxd5 Qxd5 5. Nc3 Qa5 6. d4 Nf6 7. Nf3 e6 8. Be2 Be7 9. O-O O-O 10. Bf4 Nc6 11. Qd2 Bd7 12. Rfd1 Rfd8 13. a3 Re8 (13... Qb6 $11 {remains equal.}) 14. b4 Qd8 15. Ne5 Nd5 16. Nxd5 exd5 17. Nxd7 Qxd7 18. b5 Nd8 19. a4 Bd6 20. Bf3 Bxf4 21. Qxf4 $11 Ne6 22. Qf5 Rad8 23. Rac1 Nxd4 24. Qd3 Nxf3+ 25. Qxf3 h6 26. h3 Re6 27. Rd4 a6 28. bxa6 Rxa6 29. Qb3 Rc6 30. Rb1 b6 31. Qb5 Rg6 32. Qxd7 Rxd7 33. Rb5 Rgd6 34. Rdb4 Ra7 35. Kf1 Kf8 36. Ke2 Ke7 37. Kd3 Kd7 38. Kd4 Kc7 39. Rxd5 Rxd5+ 40. Kxd5 Ra5+ 41. Kd4 Rf5 42. Ke3 Kc6 43. g3 Rd5 1/2-1/2

[Event "German Championship Women 2022"]
[Site "Magdeburg"]
[Date "2022.08.15"]
[Round "2.13"]
[White "Just, Anita"]
[Black "Peglau, Sarah"]
[Result "1-0"]
[ECO "B00"]
[WhiteElo "1905"]
[BlackElo "1782"]
[Annotator "NA RC"]
[PlyCount "105"]
[EventDate "2022.08.14"]
[EventType "swiss"]
[EventCountry "GER"]
[SourceTitle "playchess.com"]
[Source "ChessBase"]
[SourceQuality "1"]
[TimeControl "40/5400+30:1800+30"]

1. e4 d6 2. d4 g6 3. Nc3 a6 4. a4 Nc6 5. Nf3 Bg4 6. Be2 Bg7 7. Be3 e6 8. O-O Nge7 9. Ng5 Bxe2 10. Nxe2 h6 11. Nh3 O-O 12. Qd2 Kh7 13. a5 Qd7 14. Ra3 f5 15. exf5 Nxf5 16. f4 Nxe3 17. Qxe3 Rf5 18. Qd2 Raf8 19. g4 R5f7 20. c4 $19 (20. Kh1 $17 {was necessary.}) 20... e5 21. d5 Nd4 22. Nxd4 exd4 23. Rg3 c5 24. f5 Kh8 25. Nf4 Re8 26. Nxg6+ Kg8 27. Nf4 Be5 28. Rh3 Rg7 29. Ng6 Rxg6 30. fxg6 Qxg4+ 31. Qg2 Qxg2+ 32. Kxg2 Kg7 33. Rf7+ Kxg6 34. Rxb7 Bf4 35. Kf1 Kg5 36. Rg7+ Kf5 37. Rf3 Ke4 38. Kg2 d3 39. Rg4 Rf8 40. Kf2 d2 41. Rgxf4+ Rxf4 42. Rxf4+ Kxf4 43. Ke2 h5 44. b4 cxb4 45. c5 Ke5 46. c6 Kxd5 47. c7 Kc4 48. c8=Q+ Kb5 49. Qc7 Ka4 50. Kxd2 d5 51. Qb6 Ka3 52. Qxa6 b3 53. Qb5 1-0

[Event "German Championship Women 2022"]
[Site "Magdeburg"]
[Date "2022.08.16"]
[Round "3.1"]
[White "Schulze, Lara"]
[Black "Birkholz, Olga"]
[Result "1-0"]
[ECO "B28"]
[WhiteElo "2292"]
[BlackElo "2002"]
[Annotator "TA"]
[PlyCount "81"]
[EventDate "2022.08.14"]
[EventType "swiss"]
[EventCountry "GER"]
[SourceTitle "playchess.com"]
[Source "ChessBase"]
[SourceQuality "1"]
[TimeControl "40/5400+30:1800+30"]

1. e4 c5 2. Nf3 a6 3. c4 d6 4. d4 cxd4 5. Nxd4 Nf6 6. Nc3 Nc6 7. Be2 e5 {[%emt 0:02:16] B28: Sicilian: 2 Nf3 a6 (O'Kelly Variation).} 8. Nc2 Be6 9. Be3 Rc8 {[%emt 0:08:31] White is better.} 10. Qd2 {[%emt 0:05:28] [#]} Na5 $146 ({Predecessor:} 10... Be7 11. O-O O-O 12. Rac1 h6 13. Rfd1 Ne8 14. Nd5 Bg5 15. h3 Bxd5 16. cxd5 Bxe3 17. Qxe3 Ne7 18. Qb3 Nf6 19. Bd3 {½-½ (19) Eizenhammer,P (2054)-Nissen,J (2086) Bayern 2010}) 11. b3 Be7 12. Rc1 O-O 13. O-O Qc7 14. Nb4 {[%emt 0:03:39] [#] Strongly threatening Ncd5.} Qd8 15. Nbd5 {[%emt 0:09:38] aiming for Bb6.} Nc6 16. f3 ({White should try} 16. Nxe7+ Nxe7 17. f3) 16... Bxd5 $16 17. cxd5 Nb8 ({Black should play} 17... Nd4 $1 $14) 18. Na4 {[%emt 0:02:37] Nb6 is the strong threat.} Nbd7 {[%emt 0:00:31] Inhibits Nb6.} 19. g3 {[%emt 0:07:06] White is much more active.} Re8 20. Rfd1 h6 21. Bf1 b5 22. Nb2 Ra8 (22... Nh7 $16 {was called for.} 23. Rxc8 Qxc8) 23. Rc6 Qb8 24. Rdc1 g5 (24... Nh7 $142 25. h4 Nhf6) 25. Nd1 a5 (25... Qd8 $142 26. Bh3 Rf8) 26. Nc3 $18 b4 27. Nb5 Rf8 28. Nc7 Ra7 29. Na6 {[%emt 0:01:59] Prevents Nc5.} Qa8 30. Bxa7 Qxa7+ 31. Qf2 Qxf2+ 32. Kxf2 g4 33. Bb5 gxf3 34. Kxf3 Ne8 (34... Nb8 $142 35. Rc7 Nxa6) 35. Rc8 {[%emt 0:01:09] White is clearly winning.} Ndf6 36. Nb8 Ng7 {[%emt 0:01:39] [#]} 37. Nc6 $1 Nxd5 38. Rxf8+ Kxf8 39. exd5 Bg5 40. Rc2 f5 41. Nxa5 {[%emt 0:30:48] Weighted Error Value: White=0.10 (very precise) /Black=0.38} 1-0

[Event "German Championship Women 2022"]
[Site "Magdeburg"]
[Date "2022.08.16"]
[Round "3.3"]
[White "Bazzazi, Elnaz"]
[Black "Kunze, Kerstin"]
[Result "1/2-1/2"]
[ECO "B25"]
[WhiteElo "1766"]
[BlackElo "2020"]
[Annotator "TA"]
[PlyCount "47"]
[EventDate "2022.08.14"]
[EventType "swiss"]
[EventCountry "GER"]
[SourceTitle "playchess.com"]
[Source "ChessBase"]
[SourceQuality "1"]
[TimeControl "40/5400+30:1800+30"]

1. Nc3 c5 2. e4 d6 3. g3 Nc6 4. Bg2 g6 5. d3 Bg7 6. Nh3 Nf6 7. O-O O-O 8. f4 Nd4 {[%emt 0:00:32] B25: Closed Sicilian: 3 g3, lines without early Be3.} 9. Nf2 Ne8 10. Nd5 Nc7 11. Ne3 e6 12. c3 Nc6 {[%emt 0:00:03] [#]} 13. f5 $146 ({Predecessor:} 13. g4 f5 14. gxf5 gxf5 15. Nh3 h6 16. Kh1 Kh8 17. Rb1 Bd7 18. Bd2 b5 {½-½ (18) Neimer,V (2235)-Kudischewitsch,D (2324) Petah Tikva 2007}) 13... exf5 14. exf5 Ne7 15. Nh3 (15. fxg6 $11 hxg6 16. Ne4) 15... Nxf5 $15 16. Nxf5 Bxf5 ({Resist} 16... gxf5 17. Qh5 $16) 17. Rxf5 gxf5 18. Qf3 Ne6 19. Qxf5 {[%emt 0:03:11] [#] Hoping for Be4.} Qf6 20. Qg4 Qg6 21. Qf3 Qf6 (21... b5 $17 22. Qd5 Qg4) 22. Qg4 $1 Qg6 (22... Rae8 $15) 23. Qf3 $1 $17 Qf6 (23... b5 $17 24. Qd5 Qg4) 24. Qg4 $1 {[%emt 0:00:13] Weighted Error Value: White=0.18 (very precise) /Black=0.32} 1/2-1/2

[Event "German Championship Women 2022"]
[Site "Magdeburg"]
[Date "2022.08.16"]
[Round "3.4"]
[White "Fock, Sana"]
[Black "Falke, Ornella"]
[Result "1/2-1/2"]
[ECO "B23"]
[WhiteElo "1807"]
[BlackElo "1912"]
[Annotator "TA"]
[PlyCount "91"]
[EventDate "2022.08.14"]
[EventType "swiss"]
[EventCountry "GER"]
[SourceTitle "playchess.com"]
[Source "ChessBase"]
[SourceQuality "1"]
[TimeControl "40/5400+30:1800+30"]

1. e4 c5 2. Nc3 g6 3. f4 Bg7 4. Nf3 Nc6 5. Bb5 Nd4 6. O-O a6 7. Bd3 {The main line 7.Bd3 scores better than 7.Bc4.} d6 {B23: Closed Sicilian: Lines without g3.} 8. Nd5 e6 9. Ne3 Ne7 {The position is equal.} 10. c3 Nxf3+ 11. Qxf3 {[#]} Nc6 $146 ({Predecessor:} 11... f5 12. exf5 {½-½ (12) Mitkov,N (2492)-Kolev,A (2568) Skopje 2002}) 12. Bc2 h5 (12... Bd7 $11 {remains equal.}) 13. a4 (13. f5 {with more complications.} gxf5 14. exf5 Be5 15. fxe6 Bxe6 16. Bb3) 13... Qc7 14. d3 Bd7 15. Nc4 Na5 16. Nxa5 Qxa5 17. Ra3 Bc6 18. Qe2 O-O-O (18... O-O $11) 19. Be3 d5 $1 {[#]} 20. e5 (20. Rb1 $1 $16) 20... Bf8 $11 21. Raa1 (21. d4 $142) 21... h4 ({Black should try} 21... d4 $1 $11 22. Bd2 Qc7) 22. d4 $14 h3 23. g3 c4 24. Rfb1 Be7 25. Bd2 Kd7 26. b4 cxb3 27. Rxb3 Qc7 28. Bd3 Rb8 29. a5 Ke8 30. Kf2 Kf8 31. Rb6 Bd8 32. Rb3 (32. Kg1 $16) 32... Kg7 (32... Be7 $1 $11) 33. Rab1 Qxa5 {[#]} 34. c4 (34. Bxa6 $1 $16 Qc7 35. R3b2) 34... Qc7 $1 $11 {Strongly threatening ...dxc4.} 35. c5 $36 {[%cal Od3a6][%mdl 2048] White has good play.} Be7 36. Rb6 Qd7 {[#]} (36... Ra8 $11) 37. Bxa6 $1 $16 {[%mdl 576] Pin} Bd8 38. R6b3 {White is more active.} bxa6 39. Rxb8 $18 Bb5 40. R8xb5 axb5 41. Qxb5 Qa7 42. Qb2 Qa6 43. Qb5 $2 (43. Qc3 $18) 43... Qa2 $2 {Inhibits Ra1.} (43... Qa7 $1 $11 {and Black is okay.}) 44. Qb2 $2 (44. Ke3 $18) 44... Qc4 $2 (44... Qa6 $1 $11 {and Black has nothing to worry.}) 45. Qc3 {Black must now prevent Qxc4.} Qa6 46. Ra1 {Weighted Error Value: White=0.25 (precise) /Black=0.40} 1/2-1/2

[Event "German Championship Women 2022"]
[Site "Magdeburg"]
[Date "2022.08.16"]
[Round "3.5"]
[White "Muetsch, Annmarie"]
[Black "Perez Celis, Alba"]
[Result "1-0"]
[ECO "D00"]
[WhiteElo "2249"]
[BlackElo "1816"]
[Annotator "TA"]
[PlyCount "69"]
[EventDate "2022.08.14"]
[EventType "swiss"]
[EventCountry "GER"]
[SourceTitle "playchess.com"]
[Source "ChessBase"]
[SourceQuality "1"]
[TimeControl "40/5400+30:1800+30"]

1. d4 d5 2. Bg5 Nf6 3. Bxf6 exf6 4. e3 g6 5. g3 Bg7 6. Bg2 O-O 7. Ne2 {[%emt 0:01:11] A45: Trompowsky Attack.} c6 8. O-O Bg4 9. h3 {[%emt 0:01:32] The position is equal.} Bxe2 10. Qxe2 f5 11. c4 dxc4 12. Qxc4 Nd7 13. Nc3 Nf6 14. b4 {[%emt 0:05:07] [#]} Rc8 $146 ({Predecessor:} 14... Qe7 15. Rab1 Rac8 16. Rfc1 Rc7 17. Rc2 Rd7 18. b5 cxb5 19. Qxb5 Rc7 20. Qb3 b6 {1-0 (77) Puschmann,L (2295)-Szell,L (2255) Hungary 1996}) 15. Rac1 Re8 16. Rfd1 h5 17. h4 Ng4 18. Bf3 Bh6 19. Bxg4 fxg4 20. d5 Rxe3 21. fxe3 $16 Bxe3+ 22. Kg2 $1 Bxc1 23. d6 (23. dxc6 $1 $16 Qf6 24. Rf1 (24. Rxc1 Qf3+ 25. Kh2 Qf2+ 26. Kh1 Qxg3 $11) 24... Rxc6 25. Qe2 $1) 23... Bh6 $2 {[%emt 0:04:00] [#]} (23... Bb2 $1 $11) 24. Ne4 $1 {[%emt 0:01:25][%cal Bc3e4,Be4c5,Bc5e6][%mdl 1056] Hoping for Rf1. White has strong compensation. White is much more active.} Bg7 $2 (24... b5 $16 {is more resistant.} 25. Qc2 Bf8) 25. d7 $18 {[%emt 0:01:18] White wants to mate with Ng5.} Rc7 26. Qd3 Be5 {[%emt 0:01:43] Against Qd6} 27. Qd2 {[%emt 0:01:59] aiming for Qg5.} Kg7 {[%emt 0:00:33] [#]} 28. Qg5 $2 (28. Nc5 $1 $18) 28... f6 $11 29. Nc5 {[%emt 0:03:44] Really sharp!} fxg5 $4 (29... Rxd7 $1 $11 {and Black is okay.} 30. Ne6+ (30. Rxd7+ Qxd7 31. Nxd7 fxg5 $11) 30... Kh7 31. Nf8+ (31. Nxd8 Rxd1 32. Qe3 Rxd8 $15) 31... Kg7 32. Ne6+ (32. Rxd7+ Qxd7 33. Nxd7 fxg5 $11) 32... Kh7 33. Nf8+ (33. Nxd8 Rxd1 34. Qe3 Rxd8 $15) 33... Kg7 34. Rxd7+ Qxd7 35. Nxd7 fxg5 36. Nxe5 Kf6) 30. Ne6+ $18 Kh7 31. Nxd8 b6 32. Ne6 gxh4 33. d8=Q {[%emt 0:00:25] White mates.} h3+ 34. Kh1 Bxg3 35. Rd7+ {[%emt 0:00:11] Weighted Error Value: White=0.23 (precise) /Black=0.77} 1-0